Blackhawks vs Stars
Created - 30 octobre 2013 at 23:09
Goals
|
| Blackhawks |
2 |
1 |
1 |
0 |
4 |
| Stars |
2 |
0 |
2 |
1 |
5 |
|
Shots
|
| Blackhawks |
15 |
9 |
11 |
0 |
35 |
| Stars |
13 |
6 |
17 |
6 |
42 |
|
1st period
1. Stars , Shane Doan 2 (Braydon Coburn, Patrik Elias) at 4:01
2. Blackhawks , Kris Versteeg 2 (Scott Gomez, Steve McCarthy) at 6:32
3. Stars , Scott Walker 1 (Michael Rupp, Cory Stillman) at 7:03
4. Blackhawks , Scott Gomez 2 (Kris Versteeg, Rene Bourque) at 13:25
Penalties :
Stephane Robidas (Chi) for Hooking (Minor) at 7:12, Stephane Robidas (Chi) for Hooking (Minor) at 9:38, Joe Sakic (Chi) for Roughing (Minor) at 18:19
2nd period
5. Blackhawks , Kris Versteeg 3 (Brad Ference, Scott Gomez) at 14:14
Penalties :
Colby Armstrong (Chi) for Roughing (Minor) at 1:38, David Legwand (Dal) for Hooking (Minor) at 5:27
3rd period
6. Stars , Alexei Morozov 1 (David Legwand) at 0:54
7. Blackhawks , Jordan Staal 2 (Brad Ference, George Parros) at 14:35
8. Stars , David Legwand 5 (Matthew Spiller) at 15:33
Penalties :
Ryan Malone (Dal) for Hooking (Minor) at 3:02, Colby Armstrong (Chi) for Hooking (Minor) at 3:02, Shane Doan (Dal) for Interference (Minor) at 12:13, Alexei Morozov (Dal) for Hooking (Minor) at 14:46, Kris Versteeg (Chi) for Roughing (Minor) at 14:46
Overtime #1
9. Stars , Pavel Kubina 2 (Alexei Morozov) at 3:43
Penalties :
No Penalty
Goalie Stats
Roberto Luongo (Chi), 37 saves from 42 shots - (0,881), OTL, 3-1-1, 63:43 minutes
Pascal Leclaire (Dal), 31 saves from 35 shots - (0,886), W, 3-2-0, 63:43 minutes
Players Stats for Blackhawks
Player Name G A P +/- PIM S H SB GA TA FO MP PP MP PK MP
------------------------------------------------------------------------------------
Brad Ference 0 2 2 2 0 0 3 2 0 3 0/0 13:44 0:00 3:30
Chris Gratton 0 0 0 0 0 0 1 1 0 0 0/1 6:49 0:00 0:19
Christian Ehrhoff 0 0 0 -2 0 0 1 2 1 0 0/0 18:39 1:42 0:05
Colby Armstrong 0 0 0 -3 4 4 3 1 1 0 3/3 19:41 0:10 3:47
Daniel Carcillo 0 0 0 1 0 1 1 0 1 0 1/1 11:55 0:00 1:01
George Parros 0 1 1 1 0 1 0 1 0 0 1/2 9:30 0:00 0:00
Hnat Domenichelli 0 0 0 0 0 4 2 0 0 1 0/0 9:38 0:00 2:18
Joe Sakic 0 0 0 -3 2 5 1 1 1 0 16/29 18:35 2:19 0:00
Jordan Staal 1 0 1 1 0 1 2 1 0 1 8/12 14:44 0:00 4:45
Kris Versteeg 2 1 3 1 2 4 0 0 1 2 1/2 19:55 2:19 0:00
Kristopher Letang 0 0 0 -2 0 1 1 1 0 0 0/0 23:09 2:16 3:30
Loui Eriksson 0 0 0 -1 0 2 1 0 0 0 0/0 14:43 1:39 1:24
Rene Bourque 0 1 1 1 0 4 1 3 0 0 0/0 17:44 2:09 0:00
Scott Gomez 1 2 3 1 0 2 2 0 2 1 12/23 21:49 1:39 2:18
Sergei Shirokov 0 0 0 0 0 0 1 1 0 0 0/1 9:49 1:39 0:00
Stephane Robidas 0 0 0 -1 4 1 2 0 1 0 0/0 27:10 2:16 0:00
Steve McCarthy 0 1 1 -1 0 3 1 3 1 0 0/0 30:52 1:42 4:23
Wes O'Neill 0 0 0 2 0 2 2 0 0 1 0/0 14:26 0:00 4:24
Players Stats for Stars
Player Name G A P +/- PIM S H SB GA TA FO MP PP MP PK MP
------------------------------------------------------------------------------------
Alexei Morozov 1 1 2 2 2 7 1 1 0 0 1/3 22:22 4:33 0:00
Antoine Vermette 0 0 0 0 0 2 6 1 0 0 7/16 18:59 3:23 1:01
Braydon Coburn 0 1 1 2 0 3 0 1 0 1 0/0 21:53 3:19 1:50
Brian Gionta 0 0 0 -1 0 1 0 0 0 0 0/0 5:35 0:00 0:00
Brian Pothier 0 0 0 -3 0 0 2 1 0 0 0/0 15:35 3:19 0:00
Cory Stillman 0 1 1 1 0 0 2 0 0 2 1/2 20:52 4:21 1:56
David Legwand 1 1 2 3 2 7 5 1 2 0 18/36 24:04 4:33 0:00
Filip Novak 0 0 0 2 0 0 2 1 0 1 0/0 16:55 0:00 1:44
Jan Hlavac 0 0 0 -1 0 0 1 0 0 0 0/0 6:59 0:12 1:01
Marty Reasoner 0 0 0 -1 0 0 0 0 0 1 1/5 7:31 0:00 1:56
Matthew Spiller 0 1 1 2 0 0 0 1 0 0 0/0 31:17 4:37 2:08
Michael Rupp 0 1 1 -1 0 3 1 0 2 0 2/8 12:34 0:00 1:01
Patrik Elias 0 1 1 0 0 7 1 0 0 0 1/2 16:32 3:23 0:00
Pavel Kubina 1 0 1 2 0 3 2 0 2 2 0/0 31:13 4:37 2:14
Randy Jones 0 0 0 -3 0 0 0 1 0 1 0/0 10:33 0:00 0:00
Ryan Malone 0 0 0 -1 2 3 2 1 1 1 0/0 11:59 0:00 0:00
Scott Walker 1 0 1 -1 0 1 2 1 0 0 0/1 12:34 0:00 1:01
Shane Doan 1 0 1 1 2 5 2 0 2 0 1/1 19:25 3:23 0:00
3 Stars
1 - David Legwand (Dal)
2 - Scott Gomez (Chi)
3 - Kris Versteeg (Chi)
Power Play
Blackhawks - 0 on 2 Attempt(s) - 0,00%
Stars - 0 on 4 Attempt(s) - 0,00%
Penalty Kill
Blackhawks - 4 on 4 Attempt(s) - 100,00%
- Score 0 goal in Penalty Kill
Stars - 2 on 2 Attempt(s) - 100,00%
- Score 0 goal in Penalty Kill
Official
Referees : Hebert Ghislain and McCreary Bill
Linesman : Shane Heyer and Lonnie Cameron
Game Notes
No Game Note
Finance
Level 1 -- Attendance: 3798 (63,30%) -- Ticket Income 379 800 $
Level 2 -- Attendance: 3832 (76,64%) -- Ticket Income 229 920 $
Level 3 -- Attendance: 1477 (73,85%) -- Ticket Income 51 695 $
Level 4 -- Attendance: 3852 (96,30%) -- Ticket Income 77 040 $
Luxury Box -- Attendance: 681 (68,10%) -- Ticket Income 136 200 $
Game was played at the American Airlines Center
Total Attendance: 13640 (75,78%)
Total Ticket Income: 874 655 $
Other Income: 131 198 $
Total Income: 1 005 853 $
Blackhawks
5 vs 5 Forward
Center Left Wing Right Wing Time % Phy DF OF
1 Scott Gomez Kris Versteeg Rene Bourque 40 1 2 2
2 Joe Sakic Loui Eriksson Colby Armstrong 30 1 2 2
3 Jordan Staal Daniel Carcillo George Parros 20 1 2 2
4 Chris Gratton Hnat Domenichelli Sergei Shirokov 10 1 2 2
5 vs 5 Defense
Defense Defense Time % Phy DF OF
1 Stephane Robidas Steve McCarthy 40 1 2 2
2 Kristopher Letang Christian Ehrhoff 30 1 2 2
3 Brad Ference Wes O'Neill 20 1 2 2
4 Stephane Robidas Steve McCarthy 10 1 2 2
PowerPlay Forward
Center Left Wing Right Wing Time % Phy DF OF
1 Joe Sakic Kris Versteeg Rene Bourque 60 1 2 2
2 Scott Gomez Loui Eriksson Sergei Shirokov 40 1 2 2
PowerPlay Defense
Defense Defense Time % Phy DF OF
1 Stephane Robidas Kristopher Letang 60 1 2 2
2 Steve McCarthy Christian Ehrhoff 40 1 2 2
Penalty Kill 4 Players Forward
Center Wing Time % Phy DF OF
1 Jordan Staal Colby Armstrong 60 1 2 2
2 Scott Gomez Hnat Domenichelli 40 1 2 2
Penalty Kill 4 Players Defense
Defense Defense Time % Phy DF OF
1 Wes O'Neill Steve McCarthy 60 1 2 2
2 Brad Ference Kristopher Letang 40 1 2 2
Penalty Kill - 3 Players Forward
Forward Time % Phy DF OF
1 Joe Sakic 60 1 2 2
2 George Parros 40 1 2 2
Penalty Kill - 3 Players Defense
Defense Defense Time % Phy DF OF
1 Wes O'Neill Steve McCarthy 60 1 2 2
2 Kristopher Letang Christian Ehrhoff 40 1 2 2
4 vs 4 Forward
Center Wing Time % Phy DF OF
1 Joe Sakic Colby Armstrong 60 1 2 2
2 Scott Gomez Kris Versteeg 40 1 2 2
4 vs 4 Defense
Defense Defense Time % Phy DF OF
1 Stephane Robidas Steve McCarthy 60 1 2 2
2 Kristopher Letang Christian Ehrhoff 40 1 2 2
Last Minutes Offensive
Center Left Wing Right Wing Defense Defense
Joe Sakic Kris Versteeg Rene Bourque Stephane Robidas Kristopher Letang
Last Minutes Defensive
Center Left Wing Right Wing Defense Defense
Scott Gomez Kris Versteeg Colby Armstrong Wes O'Neill Steve McCarthy
Goaltenders
Starting : Roberto Luongo
Backup : Jocelyn Thibault
Extra Forwards
Normal : Sergei Shirokov, Daniel Carcillo, Loui Eriksson - PP : Colby Armstrong, Daniel Carcillo - PK : Loui Eriksson
Extra Defensemen
Normal : Brad Ference, Wes O'Neill, Kristopher Letang - PP : Kristopher Letang - PK : Wes O'Neill, Christian Ehrhoff
Penalty Shots
Joe Sakic, George Parros, Kris Versteeg, Scott Gomez, Rene Bourque
Stars
5 vs 5 Forward
Center Left Wing Right Wing Time % Phy DF OF
1 David Legwand Cory Stillman Alexei Morozov 40 1 2 2
2 Antoine Vermette Patrik Elias Shane Doan 30 1 2 2
3 Michael Rupp Ryan Malone Scott Walker 20 1 2 2
4 Marty Reasoner Jan Hlavac Brian Gionta 10 1 2 2
5 vs 5 Defense
Defense Defense Time % Phy DF OF
1 Pavel Kubina Matthew Spiller 40 1 2 2
2 Filip Novak Braydon Coburn 30 1 2 2
3 Randy Jones Brian Pothier 20 1 2 2
4 Pavel Kubina Matthew Spiller 10 1 2 2
PowerPlay Forward
Center Left Wing Right Wing Time % Phy DF OF
1 David Legwand Cory Stillman Alexei Morozov 60 1 2 2
2 Antoine Vermette Patrik Elias Shane Doan 40 1 2 2
PowerPlay Defense
Defense Defense Time % Phy DF OF
1 Pavel Kubina Matthew Spiller 60 1 2 2
2 Brian Pothier Braydon Coburn 40 1 2 2
Penalty Kill 4 Players Forward
Center Wing Time % Phy DF OF
1 Marty Reasoner Cory Stillman 60 1 2 2
2 Michael Rupp Scott Walker 40 1 2 2
Penalty Kill 4 Players Defense
Defense Defense Time % Phy DF OF
1 Pavel Kubina Matthew Spiller 60 1 2 2
2 Filip Novak Braydon Coburn 40 1 2 2
Penalty Kill - 3 Players Forward
Forward Time % Phy DF OF
1 Marty Reasoner 60 1 2 2
2 David Legwand 40 1 2 2
Penalty Kill - 3 Players Defense
Defense Defense Time % Phy DF OF
1 Pavel Kubina Matthew Spiller 60 1 2 2
2 Filip Novak Braydon Coburn 40 1 2 2
4 vs 4 Forward
Center Wing Time % Phy DF OF
1 David Legwand Alexei Morozov 60 1 2 2
2 Antoine Vermette Shane Doan 40 1 2 2
4 vs 4 Defense
Defense Defense Time % Phy DF OF
1 Pavel Kubina Matthew Spiller 60 1 2 2
2 Filip Novak Braydon Coburn 40 1 2 2
Last Minutes Offensive
Center Left Wing Right Wing Defense Defense
David Legwand Patrik Elias Alexei Morozov Pavel Kubina Brian Pothier
Last Minutes Defensive
Center Left Wing Right Wing Defense Defense
Marty Reasoner Cory Stillman Scott Walker Braydon Coburn Matthew Spiller
Goaltenders
Starting : Pascal Leclaire
Backup : Vesa Toskala
Extra Forwards
Normal : Shane Doan, Antoine Vermette, Patrik Elias - PP : Alexei Morozov, Shane Doan - PK : Cory Stillman
Extra Defensemen
Normal : Pavel Kubina, Matthew Spiller, Braydon Coburn - PP : Pavel Kubina - PK : Matthew Spiller, Braydon Coburn
Penalty Shots
Alexei Morozov, Jan Hlavac, Shane Doan, Cory Stillman, Ryan Malone
% Time on Ice - Blackhawks
Lines # - Real PCT - Wanted PCT - Time Play
Normal Forward
1 - 38% - 40% - 16:46
2 - 26% - 30% - 11:22
3 - 22% - 20% - 9:30
4 - 15% - 10% - 6:30
Normal Defense
1 - 43% - 40% - 18:50
2 - 33% - 30% - 14:36
3 - 22% - 20% - 9:38
4 - 2% - 10% - 1:04
PP Forward
1 - 58% - 60% - 2:19
2 - 42% - 40% - 1:39
PP Defense
1 - 57% - 60% - 2:16
2 - 43% - 40% - 1:42
PK Forward
1 - 71% - 60% - 5:38
2 - 29% - 40% - 2:18
PK Defense
1 - 56% - 60% - 4:26
2 - 44% - 40% - 3:30
PK3 Forward
1 - 0% - 60%
2 - 0% - 40%
PK3 Defense
1 - 0% - 60%
2 - 0% - 40%
44 Forward
1 - 77% - 60% - 5:55
2 - 23% - 40% - 1:46
44 Defense
1 - 63% - 60% - 4:50
2 - 37% - 40% - 2:51
Last Minute Offensive - 0:00
Last Minute Defensive - 0:00
Total
Forward - 63:43
Defense - 63:43
|
% Time on Ice - Stars
Lines # - Real PCT - Wanted PCT - Time Play
Normal Forward
1 - 34% - 40% - 14:49
2 - 28% - 30% - 12:11
3 - 26% - 20% - 11:33
4 - 13% - 10% - 5:35
Normal Defense
1 - 42% - 40% - 18:25
2 - 32% - 30% - 13:56
3 - 24% - 20% - 10:33
4 - 3% - 10% - 1:14
PP Forward
1 - 57% - 60% - 4:33
2 - 43% - 40% - 3:23
PP Defense
1 - 58% - 60% - 4:37
2 - 42% - 40% - 3:19
PK Forward
1 - 74% - 60% - 2:57
2 - 26% - 40% - 1:01
PK Defense
1 - 56% - 60% - 2:14
2 - 44% - 40% - 1:44
PK3 Forward
1 - 0% - 60%
2 - 0% - 40%
PK3 Defense
1 - 0% - 60%
2 - 0% - 40%
44 Forward
1 - 77% - 60% - 5:56
2 - 23% - 40% - 1:45
44 Defense
1 - 62% - 60% - 4:46
2 - 38% - 40% - 2:55
Last Minute Offensive - 0:00
Last Minute Defensive - 0:00
Total
Forward - 63:43
Defense - 63:43
|
Play by Play
1st period
0:01 of 1st period - David Legwand wins face-off versus Scott Gomez in neutral zone.
0:26 of 1st period - Patrik Elias is hit by Stephane Robidas and loses puck.
0:31 of 1st period - Slapshot by Loui Eriksson.
0:31 of 1st period - Deflect By Joe Sakic.
0:31 of 1st period - Stopped by Pascal Leclaire without a rebound.
0:32 of 1st period - Michael Rupp wins face-off versus Jordan Staal in Stars zone.
1:03 of 1st period - Wrist shot by Sergei Shirokov.
1:03 of 1st period - Shot Misses the Net.
1:09 of 1st period - Chris Gratton is hit by Jan Hlavac and loses puck.
2:02 of 1st period - Wrist shot by Michael Rupp.
2:02 of 1st period - Stopped by Roberto Luongo with a rebound.
2:22 of 1st period - Matthew Spiller is hit by Colby Armstrong and loses puck.
2:43 of 1st period - Snap shot by Kris Versteeg.
2:43 of 1st period - Stopped by Pascal Leclaire with a rebound.
2:45 of 1st period - Slapshot by Rene Bourque.
2:45 of 1st period - Shot Hit the Post.
3:51 of 1st period - Kris Versteeg is hit by Antoine Vermette.
3:55 of 1st period - Slapshot by Patrik Elias.
3:55 of 1st period - Shot Misses the Net.
3:57 of 1st period - Wrist shot by Shane Doan.
3:57 of 1st period - Stopped by Roberto Luongo with a rebound.
3:59 of 1st period - Slapshot by Braydon Coburn.
3:59 of 1st period - Stopped by Roberto Luongo with a rebound.
4:01 of 1st period - Slapshot by Braydon Coburn.
4:01 of 1st period - Deflect By Shane Doan.
4:01 of 1st period - Deflect By Scott Gomez.
4:01 of 1st period - Goal by Shane Doan - Blackhawks : 0 - Stars : 1.
4:02 of 1st period - Joe Sakic wins face-off versus David Legwand in neutral zone.
4:52 of 1st period - Wes O'Neill is hit by Filip Novak and loses puck.
5:57 of 1st period - Slapshot by Loui Eriksson.
5:57 of 1st period - Shot Hit the Post.
5:59 of 1st period - Snap shot by Loui Eriksson.
5:59 of 1st period - Shot Blocked by Matthew Spiller.
6:01 of 1st period - Wrist shot by Joe Sakic.
6:01 of 1st period - Shot Misses the Net.
6:03 of 1st period - Wrist shot by Colby Armstrong.
6:03 of 1st period - Deflect By Joe Sakic.
6:03 of 1st period - Shot Misses the Net.
6:03 of 1st period - Puck is out of play.
6:04 of 1st period - Antoine Vermette wins face-off versus Joe Sakic in Stars zone.
6:32 of 1st period - Slapshot by Kris Versteeg.
6:32 of 1st period - Goal by Kris Versteeg - Blackhawks : 1 - Stars : 1.
6:33 of 1st period - Cory Stillman wins face-off versus Scott Gomez in neutral zone.
6:48 of 1st period - Scott Gomez is hit by Cory Stillman and loses puck.
7:03 of 1st period - Snap shot by Michael Rupp.
7:03 of 1st period - Deflect By Scott Walker.
7:03 of 1st period - Goal by Scott Walker - Blackhawks : 1 - Stars : 2.
7:04 of 1st period - Alexei Morozov wins face-off versus Kris Versteeg in neutral zone.
7:12 of 1st period - Minor Penalty to Stephane Robidas for Hooking.
7:13 of 1st period - David Legwand wins face-off versus Jordan Staal in Blackhawks zone.
7:48 of 1st period - Snap shot by Antoine Vermette.
7:48 of 1st period - Shot Blocked by Steve McCarthy.
9:12 of 1st period - Penalty to Stephane Robidas is over, Stephane Robidas is back on ice.
9:34 of 1st period - Brian Pothier is hit by Hnat Domenichelli and loses puck.
9:38 of 1st period - Minor Penalty to Stephane Robidas for Hooking.
9:39 of 1st period - Jordan Staal wins face-off versus Antoine Vermette in Blackhawks zone.
9:39 of 1st period - Jordan Staal is hit by Antoine Vermette.
9:51 of 1st period - Wrist shot by Patrik Elias.
9:51 of 1st period - Stopped by Roberto Luongo without a rebound.
9:52 of 1st period - Colby Armstrong wins face-off versus David Legwand in Blackhawks zone.
9:52 of 1st period - Colby Armstrong is hit by Pavel Kubina.
10:37 of 1st period - Antoine Vermette is hit by Wes O'Neill and loses puck.
11:10 of 1st period - David Legwand is hit by Brad Ference and loses puck.
11:21 of 1st period - Steve McCarthy is hit by Cory Stillman and loses puck.
11:38 of 1st period - Penalty to Stephane Robidas is over, Stephane Robidas is back on ice.
12:10 of 1st period - Off-side.
12:11 of 1st period - Joe Sakic wins face-off versus Michael Rupp in neutral zone.
12:21 of 1st period - Snap shot by Joe Sakic.
12:21 of 1st period - Stopped by Pascal Leclaire with a rebound.
12:23 of 1st period - Snap shot by Loui Eriksson.
12:23 of 1st period - Deflect By Colby Armstrong.
12:23 of 1st period - Stopped by Pascal Leclaire without a rebound.
12:24 of 1st period - Antoine Vermette wins face-off versus George Parros in Stars zone.
13:04 of 1st period - Loui Eriksson is hit by Michael Rupp and loses puck.
13:25 of 1st period - Wrist shot by Scott Gomez.
13:25 of 1st period - Goal by Scott Gomez - Blackhawks : 2 - Stars : 2.
13:26 of 1st period - Scott Gomez wins face-off versus David Legwand in neutral zone.
13:29 of 1st period - Snap shot by Kris Versteeg.
13:29 of 1st period - Shot Misses the Net.
13:31 of 1st period - Slapshot by Wes O'Neill.
13:31 of 1st period - Stopped by Pascal Leclaire with a rebound.
13:33 of 1st period - Snap shot by Rene Bourque.
13:33 of 1st period - Deflect By Pavel Kubina.
13:33 of 1st period - Shot Blocked by David Legwand.
13:33 of 1st period - Puck is out of play.
13:34 of 1st period - Scott Gomez wins face-off versus David Legwand in Stars zone.
14:37 of 1st period - Slapshot by Stephane Robidas.
14:37 of 1st period - Stopped by Pascal Leclaire with a rebound.
14:39 of 1st period - Wrist shot by Hnat Domenichelli.
14:39 of 1st period - Stopped by Pascal Leclaire with a rebound.
14:57 of 1st period - Snap shot by Patrik Elias.
14:57 of 1st period - Stopped by Roberto Luongo with a rebound.
14:59 of 1st period - Slapshot by Antoine Vermette.
14:59 of 1st period - Deflect By Shane Doan.
14:59 of 1st period - Stopped by Roberto Luongo without a rebound.
15:00 of 1st period - Joe Sakic wins face-off versus Antoine Vermette in Blackhawks zone.
15:00 of 1st period - Joe Sakic is hit by Antoine Vermette.
15:39 of 1st period - Snap shot by Patrik Elias.
15:39 of 1st period - Stopped by Roberto Luongo without a rebound.
15:40 of 1st period - Scott Gomez wins face-off versus Michael Rupp in Blackhawks zone.
15:55 of 1st period - Snap shot by Rene Bourque.
15:55 of 1st period - Stopped by Pascal Leclaire without a rebound.
15:56 of 1st period - Colby Armstrong wins face-off versus Marty Reasoner in Stars zone.
16:09 of 1st period - Slapshot by Colby Armstrong.
16:09 of 1st period - Stopped by Pascal Leclaire with a rebound.
16:11 of 1st period - Wrist shot by Loui Eriksson.
16:11 of 1st period - Stopped by Pascal Leclaire without a rebound.
16:12 of 1st period - Scott Gomez wins face-off versus David Legwand in Stars zone.
16:15 of 1st period - Wrist shot by Rene Bourque.
16:15 of 1st period - Stopped by Pascal Leclaire with a rebound.
16:34 of 1st period - Icing by Alexei Morozov.
16:35 of 1st period - Joe Sakic wins face-off versus Antoine Vermette in Stars zone.
16:36 of 1st period - Wrist shot by Colby Armstrong.
16:36 of 1st period - Stopped by Pascal Leclaire with a rebound.
17:00 of 1st period - Off-side.
17:01 of 1st period - David Legwand wins face-off versus Scott Gomez in neutral zone.
17:08 of 1st period - Snap shot by David Legwand.
17:08 of 1st period - Stopped by Roberto Luongo with a rebound.
17:10 of 1st period - Snap shot by Alexei Morozov.
17:10 of 1st period - Shot Misses the Net.
17:15 of 1st period - Off-side.
17:16 of 1st period - Antoine Vermette wins face-off versus Joe Sakic in neutral zone.
17:18 of 1st period - Off-side.
17:19 of 1st period - Joe Sakic wins face-off versus Antoine Vermette in neutral zone.
17:22 of 1st period - Slapshot by Steve McCarthy.
17:22 of 1st period - Stopped by Pascal Leclaire with a rebound.
18:10 of 1st period - Slapshot by Pavel Kubina.
18:10 of 1st period - Stopped by Roberto Luongo with a rebound.
18:12 of 1st period - Slapshot by Ryan Malone.
18:12 of 1st period - Stopped by Roberto Luongo without a rebound.
18:13 of 1st period - Joe Sakic wins face-off versus Michael Rupp in Blackhawks zone.
18:19 of 1st period - Minor Penalty to Joe Sakic for Roughing.
18:20 of 1st period - Jordan Staal wins face-off versus David Legwand in Blackhawks zone.
18:29 of 1st period - Slapshot by Pavel Kubina.
18:29 of 1st period - Shot Blocked by Steve McCarthy.
18:31 of 1st period - Snap shot by Matthew Spiller.
18:31 of 1st period - Deflect By Cory Stillman.
18:31 of 1st period - Shot Blocked by Steve McCarthy.
18:31 of 1st period - Puck is out of play.
18:32 of 1st period - Jordan Staal wins face-off versus David Legwand in Blackhawks zone.
18:37 of 1st period - Wrist shot by Alexei Morozov.
18:37 of 1st period - Stopped by Roberto Luongo without a rebound.
18:38 of 1st period - Jordan Staal wins face-off versus David Legwand in Blackhawks zone.
18:38 of 1st period - Jordan Staal is hit by David Legwand.
18:50 of 1st period - Colby Armstrong is hit by Alexei Morozov and loses puck.
19:07 of 1st period - Hnat Domenichelli is hit by Shane Doan and loses puck.
2nd period
0:01 of 2nd period - Jordan Staal wins face-off versus David Legwand in neutral zone.
0:19 of 2nd period - Penalty to Joe Sakic is over, Joe Sakic is back on ice.
1:38 of 2nd period - Minor Penalty to Colby Armstrong for Roughing.
1:39 of 2nd period - David Legwand wins face-off versus Jordan Staal in Blackhawks zone.
1:40 of 2nd period - Wrist shot by Alexei Morozov.
1:40 of 2nd period - Shot Blocked by Jordan Staal.
1:42 of 2nd period - Slapshot by Brian Pothier.
1:42 of 2nd period - Shot Misses the Net.
2:36 of 2nd period - Kristopher Letang is hit by Brian Pothier and loses puck.
3:31 of 2nd period - David Legwand is hit by Scott Gomez and loses puck.
3:36 of 2nd period - Snap shot by Scott Gomez.
3:36 of 2nd period - Stopped by Pascal Leclaire without a rebound.
3:37 of 2nd period - Jordan Staal wins face-off versus Antoine Vermette in Stars zone.
3:38 of 2nd period - Penalty to Colby Armstrong is over, Colby Armstrong is back on ice.
3:38 of 2nd period - Wrist shot by Loui Eriksson.
3:38 of 2nd period - Stopped by Pascal Leclaire without a rebound.
3:39 of 2nd period - Antoine Vermette wins face-off versus Scott Gomez in Stars zone.
3:44 of 2nd period - Snap shot by Antoine Vermette.
3:44 of 2nd period - Shot Blocked by Rene Bourque.
4:05 of 2nd period - Brian Pothier is hit by Christian Ehrhoff and loses puck.
4:20 of 2nd period - Wrist shot by Kris Versteeg.
4:20 of 2nd period - Stopped by Pascal Leclaire without a rebound.
4:21 of 2nd period - David Legwand wins face-off versus Joe Sakic in Stars zone.
4:21 of 2nd period - David Legwand is hit by Colby Armstrong.
4:37 of 2nd period - Wrist shot by Alexei Morozov.
4:37 of 2nd period - Shot Misses the Net.
4:47 of 2nd period - Shane Doan is hit by Stephane Robidas and loses puck.
5:20 of 2nd period - Slapshot by Ryan Malone.
5:20 of 2nd period - Deflect By Scott Walker.
5:20 of 2nd period - Shot Blocked by Brad Ference.
5:20 of 2nd period - Puck is out of play.
5:21 of 2nd period - David Legwand wins face-off versus Scott Gomez in Blackhawks zone.
5:27 of 2nd period - Minor Penalty to David Legwand for Hooking.
5:28 of 2nd period - Joe Sakic wins face-off versus Marty Reasoner in Stars zone.
5:39 of 2nd period - Slapshot by Stephane Robidas.
5:39 of 2nd period - Shot Misses the Net.
6:25 of 2nd period - Snap shot by Antoine Vermette.
6:25 of 2nd period - Shot Misses the Net.
6:59 of 2nd period - Michael Rupp is hit by Sergei Shirokov and loses puck.
7:19 of 2nd period - Joe Sakic is hit by Antoine Vermette.
7:27 of 2nd period - Penalty to David Legwand is over, David Legwand is back on ice.
7:59 of 2nd period - Wes O'Neill is hit by Patrik Elias and loses puck.
8:14 of 2nd period - Snap shot by Alexei Morozov.
8:14 of 2nd period - Shot Blocked by Brad Ference.
8:16 of 2nd period - Snap shot by Cory Stillman.
8:16 of 2nd period - Shot Blocked by George Parros.
8:28 of 2nd period - Loui Eriksson is hit by Ryan Malone and loses puck.
8:47 of 2nd period - Icing by Filip Novak.
8:48 of 2nd period - Marty Reasoner wins face-off versus Chris Gratton in Stars zone.
8:57 of 2nd period - Snap shot by Hnat Domenichelli.
8:57 of 2nd period - Stopped by Pascal Leclaire without a rebound.
8:58 of 2nd period - Scott Gomez wins face-off versus Cory Stillman in Stars zone.
9:14 of 2nd period - Backhand shot by Alexei Morozov.
9:14 of 2nd period - Shot Blocked by Rene Bourque.
9:28 of 2nd period - Snap shot by Kristopher Letang.
9:28 of 2nd period - Stopped by Pascal Leclaire without a rebound.
9:29 of 2nd period - Antoine Vermette wins face-off versus Joe Sakic in Stars zone.
9:29 of 2nd period - Antoine Vermette is hit by Loui Eriksson.
9:47 of 2nd period - Snap shot by Joe Sakic.
9:47 of 2nd period - Shot Blocked by Filip Novak.
10:33 of 2nd period - Ryan Malone is hit by Jordan Staal and loses puck.
10:58 of 2nd period - Wrist shot by Marty Reasoner.
10:58 of 2nd period - Deflect By Brian Gionta.
10:58 of 2nd period - Stopped by Roberto Luongo with a rebound.
11:08 of 2nd period - Christian Ehrhoff is hit by Antoine Vermette and loses puck.
11:42 of 2nd period - Snap shot by David Legwand.
11:42 of 2nd period - Stopped by Roberto Luongo with a rebound.
12:37 of 2nd period - Filip Novak is hit by Wes O'Neill and loses puck.
13:11 of 2nd period - Antoine Vermette is hit by Brad Ference and loses puck.
14:01 of 2nd period - Shane Doan is hit by Scott Gomez and loses puck.
14:08 of 2nd period - Wrist shot by Kris Versteeg.
14:08 of 2nd period - Shot Misses the Net.
14:10 of 2nd period - Backhand shot by Kris Versteeg.
14:10 of 2nd period - Shot Misses the Net.
14:12 of 2nd period - Slapshot by Brad Ference.
14:12 of 2nd period - Shot Blocked by Brian Pothier.
14:14 of 2nd period - Slapshot by Kris Versteeg.
14:14 of 2nd period - Goal by Kris Versteeg - Blackhawks : 3 - Stars : 2.
14:15 of 2nd period - Joe Sakic wins face-off versus David Legwand in neutral zone.
15:15 of 2nd period - Wrist shot by Hnat Domenichelli.
15:15 of 2nd period - Stopped by Pascal Leclaire with a rebound.
15:30 of 2nd period - Loui Eriksson is hit by David Legwand and loses puck.
15:43 of 2nd period - Braydon Coburn is hit by Jordan Staal and loses puck.
16:01 of 2nd period - Marty Reasoner is hit by Hnat Domenichelli and loses puck.
16:06 of 2nd period - Slapshot by Hnat Domenichelli.
16:06 of 2nd period - Stopped by Pascal Leclaire without a rebound.
16:07 of 2nd period - David Legwand wins face-off versus Joe Sakic in Stars zone.
16:16 of 2nd period - Joe Sakic is hit by Brian Pothier and loses puck.
17:05 of 2nd period - Snap shot by Rene Bourque.
17:05 of 2nd period - Stopped by Pascal Leclaire without a rebound.
17:06 of 2nd period - Scott Gomez wins face-off versus David Legwand in Stars zone.
17:53 of 2nd period - Snap shot by Hnat Domenichelli.
17:53 of 2nd period - Shot Blocked by Antoine Vermette.
18:03 of 2nd period - Wrist shot by Shane Doan.
18:03 of 2nd period - Shot Misses the Net.
18:05 of 2nd period - Snap shot by Matthew Spiller.
18:05 of 2nd period - Shot Blocked by Chris Gratton.
18:07 of 2nd period - Wrist shot by Shane Doan.
18:07 of 2nd period - Stopped by Roberto Luongo with a rebound.
18:09 of 2nd period - Slapshot by Patrik Elias.
18:09 of 2nd period - Shot Blocked by Christian Ehrhoff.
18:11 of 2nd period - Snap shot by Patrik Elias.
18:11 of 2nd period - Stopped by Roberto Luongo with a rebound.
18:13 of 2nd period - Wrist shot by Antoine Vermette.
18:13 of 2nd period - Stopped by Roberto Luongo without a rebound.
18:14 of 2nd period - Kris Versteeg wins face-off versus David Legwand in Blackhawks zone.
19:08 of 2nd period - Snap shot by Scott Walker.
19:08 of 2nd period - Shot Misses the Net.
19:24 of 2nd period - Snap shot by Chris Gratton.
19:24 of 2nd period - Shot Misses the Net.
19:36 of 2nd period - Slapshot by Michael Rupp.
19:36 of 2nd period - Shot Blocked by Sergei Shirokov.
19:46 of 2nd period - Steve McCarthy is hit by Ryan Malone and loses puck.
19:57 of 2nd period - Wrist shot by Ryan Malone.
19:57 of 2nd period - Shot Misses the Net.
19:59 of 2nd period - Wrist shot by Michael Rupp.
19:59 of 2nd period - Stopped by Roberto Luongo with a rebound.
3rd period
0:01 of 3rd period - Scott Gomez wins face-off versus David Legwand in neutral zone.
0:09 of 3rd period - Icing by Pavel Kubina.
0:10 of 3rd period - Scott Gomez wins face-off versus Alexei Morozov in Stars zone.
0:31 of 3rd period - Wrist shot by David Legwand.
0:31 of 3rd period - Shot Misses the Net.
0:54 of 3rd period - Wrist shot by Alexei Morozov.
0:54 of 3rd period - Goal by Alexei Morozov - Blackhawks : 3 - Stars : 3.
0:55 of 3rd period - Joe Sakic wins face-off versus Antoine Vermette in neutral zone.
1:20 of 3rd period - Michael Rupp is hit by Daniel Carcillo and loses puck.
1:45 of 3rd period - Wrist shot by Rene Bourque.
1:45 of 3rd period - Stopped by Pascal Leclaire without a rebound.
1:46 of 3rd period - David Legwand wins face-off versus Scott Gomez in Stars zone.
2:11 of 3rd period - Wes O'Neill is hit by Scott Walker and loses puck.
2:16 of 3rd period - Snap shot by Michael Rupp.
2:16 of 3rd period - Stopped by Roberto Luongo without a rebound.
2:17 of 3rd period - Joe Sakic wins face-off versus Michael Rupp in Blackhawks zone.
2:17 of 3rd period - Joe Sakic is hit by Scott Walker.
2:49 of 3rd period - Wrist shot by Joe Sakic.
2:49 of 3rd period - Stopped by Pascal Leclaire with a rebound.
2:51 of 3rd period - Slapshot by Kristopher Letang.
2:51 of 3rd period - Shot Blocked by Braydon Coburn.
2:53 of 3rd period - Wrist shot by Joe Sakic.
2:53 of 3rd period - Stopped by Pascal Leclaire with a rebound.
2:59 of 3rd period - Snap shot by Loui Eriksson.
2:59 of 3rd period - Deflect By Colby Armstrong.
2:59 of 3rd period - Stopped by Pascal Leclaire with a rebound.
3:02 of 3rd period - Minor Penalty to Ryan Malone for Hooking.
3:02 of 3rd period - Minor Penalty to Colby Armstrong for Hooking.
3:03 of 3rd period - David Legwand wins face-off versus Joe Sakic in Stars zone.
3:03 of 3rd period - David Legwand is hit by Joe Sakic.
3:09 of 3rd period - Stephane Robidas is hit by Pavel Kubina.
3:41 of 3rd period - Slapshot by Stephane Robidas.
3:41 of 3rd period - Shot Misses the Net.
3:57 of 3rd period - Loui Eriksson is hit by Shane Doan and loses puck.
4:25 of 3rd period - Backhand shot by Cory Stillman.
4:25 of 3rd period - Shot Blocked by Christian Ehrhoff.
4:27 of 3rd period - Snap shot by Patrik Elias.
4:27 of 3rd period - Stopped by Roberto Luongo without a rebound.
4:28 of 3rd period - David Legwand wins face-off versus Joe Sakic in Blackhawks zone.
4:53 of 3rd period - Christian Ehrhoff is hit by Antoine Vermette and loses puck.
5:02 of 3rd period - Penalty to Ryan Malone is over, Ryan Malone is back on ice.
5:02 of 3rd period - Penalty to Colby Armstrong is over, Colby Armstrong is back on ice.
5:28 of 3rd period - Snap shot by Ryan Malone.
5:28 of 3rd period - Stopped by Roberto Luongo without a rebound.
5:29 of 3rd period - Scott Gomez wins face-off versus Antoine Vermette in Blackhawks zone.
5:36 of 3rd period - Snap shot by Shane Doan.
5:36 of 3rd period - Shot Misses the Net.
5:38 of 3rd period - Snap shot by Antoine Vermette.
5:38 of 3rd period - Deflect By Shane Doan.
5:38 of 3rd period - Shot Hit the Post.
5:38 of 3rd period - Puck is out of play.
5:39 of 3rd period - Antoine Vermette wins face-off versus Scott Gomez in Blackhawks zone.
5:54 of 3rd period - Wrist shot by Shane Doan.
5:54 of 3rd period - Shot Blocked by Rene Bourque.
5:58 of 3rd period - Slapshot by Patrik Elias.
5:58 of 3rd period - Stopped by Roberto Luongo without a rebound.
5:59 of 3rd period - George Parros wins face-off versus Scott Walker in Blackhawks zone.
6:01 of 3rd period - Icing by Daniel Carcillo.
6:02 of 3rd period - Jordan Staal wins face-off versus Michael Rupp in Blackhawks zone.
6:32 of 3rd period - Pavel Kubina is hit by Steve McCarthy and loses puck.
7:22 of 3rd period - Wrist shot by Ryan Malone.
7:22 of 3rd period - Stopped by Roberto Luongo with a rebound.
8:02 of 3rd period - Slapshot by Antoine Vermette.
8:02 of 3rd period - Stopped by Roberto Luongo with a rebound.
8:09 of 3rd period - Icing by Kristopher Letang.
8:10 of 3rd period - David Legwand wins face-off versus Scott Gomez in Blackhawks zone.
8:21 of 3rd period - Backhand shot by David Legwand.
8:21 of 3rd period - Stopped by Roberto Luongo without a rebound.
8:22 of 3rd period - David Legwand wins face-off versus Joe Sakic in Blackhawks zone.
8:23 of 3rd period - Snap shot by Alexei Morozov.
8:23 of 3rd period - Stopped by Roberto Luongo without a rebound.
8:24 of 3rd period - Colby Armstrong wins face-off versus David Legwand in Blackhawks zone.
9:41 of 3rd period - Wrist shot by Chris Gratton.
9:41 of 3rd period - Shot Blocked by Scott Walker.
9:43 of 3rd period - Slapshot by Steve McCarthy.
9:43 of 3rd period - Stopped by Pascal Leclaire with a rebound.
9:45 of 3rd period - Slapshot by Stephane Robidas.
9:45 of 3rd period - Shot Blocked by Ryan Malone.
9:56 of 3rd period - Off-side.
9:57 of 3rd period - David Legwand wins face-off versus Joe Sakic in neutral zone.
10:32 of 3rd period - Slapshot by Jordan Staal.
10:32 of 3rd period - Shot Blocked by Alexei Morozov.
10:34 of 3rd period - Wrist shot by Daniel Carcillo.
10:34 of 3rd period - Stopped by Pascal Leclaire without a rebound.
10:35 of 3rd period - Scott Gomez wins face-off versus Antoine Vermette in Stars zone.
11:52 of 3rd period - Snap shot by David Legwand.
11:52 of 3rd period - Shot Misses the Net.
11:54 of 3rd period - Snap shot by Alexei Morozov.
11:54 of 3rd period - Stopped by Roberto Luongo with a rebound.
11:56 of 3rd period - Snap shot by Alexei Morozov.
11:56 of 3rd period - Stopped by Roberto Luongo with a rebound.
11:58 of 3rd period - Slapshot by Pavel Kubina.
11:58 of 3rd period - Shot Blocked by Kristopher Letang.
12:13 of 3rd period - Minor Penalty to Shane Doan for Interference.
12:14 of 3rd period - Joe Sakic wins face-off versus Marty Reasoner in Stars zone.
14:13 of 3rd period - Penalty to Shane Doan is over, Shane Doan is back on ice.
14:18 of 3rd period - Icing by Shane Doan.
14:19 of 3rd period - Shane Doan wins face-off versus Jordan Staal in Stars zone.
14:29 of 3rd period - Snap shot by Wes O'Neill.
14:29 of 3rd period - Stopped by Pascal Leclaire with a rebound.
14:31 of 3rd period - Slapshot by George Parros.
14:31 of 3rd period - Stopped by Pascal Leclaire with a rebound.
14:33 of 3rd period - Slapshot by Brad Ference.
14:33 of 3rd period - Shot Blocked by Randy Jones.
14:35 of 3rd period - Slapshot by Jordan Staal.
14:35 of 3rd period - Goal by Jordan Staal - Blackhawks : 4 - Stars : 3.
14:36 of 3rd period - David Legwand wins face-off versus Scott Gomez in neutral zone.
14:38 of 3rd period - Pavel Kubina is hit by Rene Bourque and loses puck.
14:46 of 3rd period - Minor Penalty to Alexei Morozov for Hooking.
14:46 of 3rd period - Minor Penalty to Kris Versteeg for Roughing.
14:47 of 3rd period - David Legwand wins face-off versus Joe Sakic in Stars zone.
15:09 of 3rd period - Icing by Colby Armstrong.
15:10 of 3rd period - David Legwand wins face-off versus Joe Sakic in Blackhawks zone.
15:17 of 3rd period - Snap shot by Shane Doan.
15:17 of 3rd period - Shot Blocked by Colby Armstrong.
15:19 of 3rd period - Snap shot by Pavel Kubina.
15:19 of 3rd period - Stopped by Roberto Luongo without a rebound.
15:20 of 3rd period - David Legwand wins face-off versus Joe Sakic in Blackhawks zone.
15:27 of 3rd period - Slapshot by Shane Doan.
15:27 of 3rd period - Stopped by Roberto Luongo with a rebound.
15:33 of 3rd period - Snap shot by David Legwand.
15:33 of 3rd period - Goal by David Legwand - Blackhawks : 4 - Stars : 4.
15:34 of 3rd period - David Legwand wins face-off versus Joe Sakic in neutral zone.
15:43 of 3rd period - Wrist shot by David Legwand.
15:43 of 3rd period - Stopped by Roberto Luongo with a rebound.
15:45 of 3rd period - Wrist shot by David Legwand.
15:45 of 3rd period - Stopped by Roberto Luongo without a rebound.
15:46 of 3rd period - Joe Sakic wins face-off versus David Legwand in Blackhawks zone.
15:57 of 3rd period - Slapshot by Steve McCarthy.
15:57 of 3rd period - Stopped by Pascal Leclaire with a rebound.
16:03 of 3rd period - Joe Sakic is hit by David Legwand and loses puck.
16:46 of 3rd period - Penalty to Alexei Morozov is over, Alexei Morozov is back on ice.
16:46 of 3rd period - Penalty to Kris Versteeg is over, Kris Versteeg is back on ice.
17:02 of 3rd period - Snap shot by David Legwand.
17:02 of 3rd period - Stopped by Roberto Luongo with a rebound.
17:08 of 3rd period - Filip Novak is hit by Colby Armstrong and loses puck.
17:17 of 3rd period - Snap shot by Joe Sakic.
17:17 of 3rd period - Stopped by Pascal Leclaire with a rebound.
17:19 of 3rd period - Wrist shot by Colby Armstrong.
17:19 of 3rd period - Deflect By Joe Sakic.
17:19 of 3rd period - Shot Misses the Net.
17:19 of 3rd period - Puck is out of play.
17:20 of 3rd period - Jordan Staal wins face-off versus Marty Reasoner in Stars zone.
17:57 of 3rd period - Off-side.
17:58 of 3rd period - Scott Gomez wins face-off versus Antoine Vermette in neutral zone.
18:01 of 3rd period - Braydon Coburn is hit by Brad Ference.
18:23 of 3rd period - Michael Rupp is hit by Chris Gratton and loses puck.
19:18 of 3rd period - Icing by Kristopher Letang.
19:19 of 3rd period - Michael Rupp wins face-off versus Scott Gomez in Blackhawks zone.
19:22 of 3rd period - Slapshot by Ryan Malone.
19:22 of 3rd period - Deflect By Michael Rupp.
19:22 of 3rd period - Shot Misses the Net.
19:22 of 3rd period - Puck is out of play.
19:23 of 3rd period - Daniel Carcillo wins face-off versus Michael Rupp in Blackhawks zone.
Overtime #1
0:01 of 1st overtime period - Joe Sakic wins face-off versus David Legwand in neutral zone.
0:07 of 1st overtime period - Icing by Matthew Spiller.
0:08 of 1st overtime period - Joe Sakic wins face-off versus David Legwand in Stars zone.
0:09 of 1st overtime period - Wrist shot by Stephane Robidas.
0:09 of 1st overtime period - Shot Misses the Net.
0:32 of 1st overtime period - Snap shot by Alexei Morozov.
0:32 of 1st overtime period - Stopped by Roberto Luongo with a rebound.
0:34 of 1st overtime period - Wrist shot by Alexei Morozov.
0:34 of 1st overtime period - Stopped by Roberto Luongo without a rebound.
0:35 of 1st overtime period - Joe Sakic wins face-off versus David Legwand in Blackhawks zone.
0:35 of 1st overtime period - Joe Sakic is hit by David Legwand.
0:41 of 1st overtime period - David Legwand is hit by Kristopher Letang and loses puck.
1:05 of 1st overtime period - Scott Gomez is hit by Filip Novak and loses puck.
1:31 of 1st overtime period - Stephane Robidas is hit by David Legwand and loses puck.
1:53 of 1st overtime period - Icing by Matthew Spiller.
1:54 of 1st overtime period - Antoine Vermette wins face-off versus Sergei Shirokov in Stars zone.
2:24 of 1st overtime period - Icing by Scott Gomez.
2:25 of 1st overtime period - Patrik Elias wins face-off versus Scott Gomez in Blackhawks zone.
3:19 of 1st overtime period - Icing by Stephane Robidas.
3:20 of 1st overtime period - Scott Gomez wins face-off versus Patrik Elias in Blackhawks zone.
3:27 of 1st overtime period - Backhand shot by Patrik Elias.
3:27 of 1st overtime period - Stopped by Roberto Luongo with a rebound.
3:29 of 1st overtime period - Slapshot by Cory Stillman.
3:29 of 1st overtime period - Shot Misses the Net.
3:31 of 1st overtime period - Backhand shot by Filip Novak.
3:31 of 1st overtime period - Shot Misses the Net.
3:33 of 1st overtime period - Slapshot by Braydon Coburn.
3:33 of 1st overtime period - Stopped by Roberto Luongo with a rebound.
3:35 of 1st overtime period - Slapshot by Braydon Coburn.
3:35 of 1st overtime period - Stopped by Roberto Luongo without a rebound.
3:36 of 1st overtime period - Joe Sakic wins face-off versus Alexei Morozov in Blackhawks zone.
3:39 of 1st overtime period - Wrist shot by Alexei Morozov.
3:39 of 1st overtime period - Shot Misses the Net.
3:41 of 1st overtime period - Snap shot by Alexei Morozov.
3:41 of 1st overtime period - Shot Blocked by Joe Sakic.
3:43 of 1st overtime period - Slapshot by Pavel Kubina.
3:43 of 1st overtime period - Goal by Pavel Kubina - Blackhawks : 4 - Stars : 5.
Output by the SimonT Hockey Simulator (STHS) for François Prévost -- Original Page W3C XHTML 1.0 Valid